 Dungeon Sprint DCSS version 0.26.1-11-gd32895ea62 (webtiles) character file.

Game seed: 17705939215003216604

4910 Zeld the Fighter (level 10, -4/104 HPs)
             Began as a Minotaur Berserker on June 16, 2021.
             Was the Champion of Trog.
             Slain by a death cob (12 damage)
             ... in the Dungeon (Sprint VII: "The Pits").
             The game lasted 00:03:31 (3602 turns).

Zeld the Fighter (Minotaur Berserker)               Turns: 3602, Time: 00:03:32

Health: -4/104     AC: 12    Str: 25    XL:     10   Next: 27%
Magic:  9/9        EV: 14    Int:  7    God:    Trog [******]
Gold:   0          SH:  0    Dex: 13    Spells: 9/9 levels left

rFire    . . .     SeeInvis .   a - +5 executioner's axe (flame)
rCold    . . .     Faith    .   (shield currently unavailable)
rNeg     . . .     Spirit   .   l - +2 plate armour
rPois    .         Reflect  .   (helmet restricted)
rElec    .         Harm     .   p - +0 cloak
rCorr    .         Rampage  .   (no gloves)
Will     .....     NoTele   +   (no boots)
Stlth    ..........             (no amulet)
HPRegen  0.27/turn              b - +3 ring of intelligence
MPRegen  0.11/turn              o - +3 ring of dexterity

@: corroded, slowed, very slow
A: retaliatory headbutt, horns 2
a: Renounce Religion, Berserk, Trog's Hand, Brothers in Arms


You were in the Dungeon.
You worshipped Trog.
Trog was exalted by your worship.
You visited 1 branch

Inventory:

Hand Weapons
 a - a +5 executioner's axe of flaming (weapon)
Armour
 l - a +2 plate armour (worn)
 p - a +0 cloak (worn)
Jewellery
 b - a +3 ring of intelligence (left hand)
 o - a +3 ring of dexterity (right hand)
Scrolls
 j - 3 scrolls of remove curse
 k - a scroll of summoning
Potions
 c - 8 potions of curing
 d - 6 potions of heal wounds
 e - a potion of haste
 f - 4 potions of magic
 g - 3 potions of berserk rage
 i - 2 potions of invisibility
 m - a potion of might
 n - a potion of resistance


   Skills:
 + Level 14.5 Fighting
 * Level 14.4 Axes
 + Level 14.3 Armour
 + Level 13.4 Dodging


You had 9 spell levels left.
You didn't know any spells.
Your spell library was empty.

Dungeon Overview and Level Annotations

Branches:
Dungeon (1/1)

Altars:
Ashenzari
Cheibriados
Dithmenos
Elyvilon
Fedhas
Gozag
Hepliaklqana
Kikubaaqudgha
Makhleb
Nemelex Xobeh
Okawaru
Qazlal
Ru
Sif Muna
Trog
Uskayaw
Vehumet
Wu Jian
Xom
Yredelemnul
Zin
The Shining One
Beogh
Jiyva
Lugonu


Innate Abilities, Weirdness & Mutations

You reflexively headbutt those who attack you in melee.
You have a pair of horns on your head.


Message History

Unknown command.
Unknown command.
Unknown command.
Blink to where?
Press: ? - help, Dir - move target
As you read the scroll of blinking, it crumbles to dust.
The yellow draconian throws acid at you.
The glob of acid hits you.
* * * LOW HITPOINT WARNING * * *
The acid corrodes you!
You are splashed with acid!
* * * LOW HITPOINT WARNING * * *
You hear a roar!
You hear a roar!
The death cob closely misses you. The death cob hits you.
* * * LOW HITPOINT WARNING * * *
The death cob drains your vigour!
You feel as though you will be slow longer.
The death cob hits you but does no damage.
The death cob hits you!
You die...

##.......##.........
##.......##.)........+
##...<...##..#####...#
##.......##..+ #...
##.......##(.# #.. ...#
##.......##..# #.# #..#
###########((#####.+ #..# .
###########.)......#
+..##'##.
....#.!.[##.)...@..#
#........
)...#.![[###'###.z.# #...o...
....'..))##.(..'...#+###...#
)...#..))##....#....d.ยง[...#
....#..))##....#...........+
############################


You could see a yellow draconian and a death cob.

Vanquished Creatures
  A rakshasa (D)
  A two-headed ogre (D)
  A bog body (D)
  2 deep elf magi (D)
  A cyclops (D)
  A guardian mummy (D)
  Prince Ribbit (D)
  A jumping spider (D)
  A hornet (D)
  Grinder (D)
  A redback (D)
  A wraith (D)
  A black bear (D)
  2 centaurs (D)
  A scorpion (D)
  A crimson imp (D)
  A jelly (D)
  2 orc wizards (D)
  2 orc priests (D)
  A worker ant (D)
  2 gnolls (D)
  2 river rats (D)
  A white imp (D)
  An ooze (D)
  4 orcs (D)
  2 ball pythons (D)
  A bat (D)
  A giant cockroach (D)
  3 goblins (D)
41 creatures vanquished.

Vanquished Creatures (others)
  An orc wizard (D)
  An orc (D)
2 creatures vanquished.

Grand Total: 43 creatures vanquished

Notes
Turn   | Place    | Note
-------+----------+-------------------------------------------
     0 | D        | Zeld the Minotaur Berserker began the quest for the Orb.
     0 | D        | Reached XP level 1. HP: 19/19 MP: 0/0
    16 | D        | Reached XP level 2. HP: 21/27 MP: 1/1
   224 | D        | Found a bloodstained altar of Trog.
   224 | D        | Found a shimmering blue altar of Sif Muna.
   224 | D        | Found a viscous altar of Jiyva.
   224 | D        | Found a hazy altar of Hepliaklqana.
   224 | D        | Found an opulent altar of Gozag.
   226 | D        | Found a glowing golden altar of the Shining One.
   226 | D        | Found a glowing silver altar of Zin.
   226 | D        | Found a basalt altar of Yredelemnul.
   226 | D        | Found a shimmering altar of Xom.
   226 | D        | Found an ornate altar of the Wu Jian Council.
   226 | D        | Found a sacrificial altar of Ru.
   226 | D        | Found a stormy altar of Qazlal.
   226 | D        | Found an iron altar of Okawaru.
   226 | D        | Found a sparkling altar of Nemelex Xobeh.
   226 | D        | Found a burning altar of Makhleb.
   226 | D        | Found a blossoming altar of Fedhas.
   226 | D        | Found a white marble altar of Elyvilon.
   226 | D        | Found a shadowy altar of Dithmenos.
   226 | D        | Found a snail-covered altar of Cheibriados.
   227 | D        | Found a radiant altar of Vehumet.
   227 | D        | Found a corrupted altar of Lugonu.
   227 | D        | Found a roughly hewn altar of Beogh.
   228 | D        | Found a hide-covered altar of Uskayaw.
   228 | D        | Found an ancient bone altar of Kikubaaqudgha.
   228 | D        | Found a broken altar of Ashenzari.
   493 | D        | Reached ** piety under Trog
   494 | D        | Reached skill level 5 in Axes
   918 | D        | Reached *** piety under Trog
   922 | D        | Reached skill level 5 in Fighting
   922 | D        | Reached XP level 3. HP: 33/36 MP: 2/2
  1039 | D        | Noticed Grinder
  1047 | D        | Reached **** piety under Trog
  1048 | D        | Reached skill level 5 in Armour
  1048 | D        | Reached XP level 4. HP: 41/44 MP: 3/3
  1061 | D        | Reached skill level 5 in Dodging
  1065 | D        | Reached XP level 5. HP: 30/51 MP: 4/4
  1066 | D        | Noticed a deep elf mage
  1072 | D        | Reached ***** piety under Trog
  1081 | D        | Reached skill level 10 in Axes
  1084 | D        | Reached XP level 6. HP: 16/60 MP: 5/5
  1095 | D        | Killed Grinder
  1095 | D        | Received a gift from Trog
  1108 | D        | Killed a deep elf mage
  1109 | D        | Reached XP level 7. HP: 23/71 MP: 6/6
  1416 | D        | Noticed Prince Ribbit
  1421 | D        | Killed Prince Ribbit
  1422 | D        | Reached skill level 10 in Fighting
  1422 | D        | Reached XP level 8. HP: 79/79 MP: 2/7
  1661 | D        | Noticed a rakshasa
  1672 | D        | Killed a rakshasa
  1673 | D        | Reached skill level 10 in Dodging
  1885 | D        | Received a gift from Trog
  2019 | D        | Noticed a two-headed ogre
  2019 | D        | Noticed a jumping spider
  2026 | D        | Reached XP level 9. HP: 90/90 MP: 2/8
  2026 | D        | Killed a two-headed ogre
  2028 | D        | Killed a jumping spider
  2496 | D        | Noticed a deep elf mage
  2503 | D        | Killed a deep elf mage
  2503 | D        | Reached ****** piety under Trog
  2908 | D        | Noticed a cyclops
  2908 | D        | Noticed a bog body
  2910 | D        | Received a gift from Trog
  2914 | D        | Killed a bog body
  2915 | D        | Reached XP level 10. HP: 60/102 MP: 3/9
  2918 | D        | Killed a cyclops
  3594 | D        | Noticed a death cob
  3595 | D        | Noticed a yellow draconian
  3602 | D        | Slain by a death cob

Illustrated notes

Levels and vault maps discovered:
D:        pitsprint [storerooms_1, entrance_room_1, metal_vault_8, armoury_1,
          mini_pit_1, grid_room_1, main_hall_1, silver_pit, the_coven_1,
          the_vestibule_1, steel_vault_2, golden_pit, hallway_of_sentries,
          crystal_vault_2, iron_vault_5, final_vault]

Skill      XL: |  1  2  3  4  5  6  7  8  9 10 |
---------------+-------------------------------+-----
Fighting       | 4 5 6 7 9 10 11 13 14 | 14.5
Axes           | 4 6 7 8 10 12 13 14 | 14.4
Armour         | 3 4 5 7 9 11 13 14 | 14.3
Dodging        | 3 4 5 6 8 9 10 12 13 | 13.4

Action                   |  1- 3 |  4- 6 |  7- 9 | 10-12 || total
-------------------------+-------+-------+-------+-------++-------
Melee: Hand axe          |    28 |    55 |       |       ||    83
       Headbutt          |     2 |     8 |    11 |     5 ||    26
       War axe           |       |       |    46 |     3 ||    49
       Executioner's axe |       |       |       |    14 ||    14
Invok: Berserk           |       |     1 |     1 |       ||     2
  Use: Potion            |       |     2 |       |     2 ||     4
       Scroll            |       |       |       |     1 ||     1
Armor: Animal skin       |     2 |       |       |       ||     2
       Plate armour      |     4 |    30 |    31 |    15 ||    80
Dodge: Dodged            |    19 |    20 |    17 |    19 ||    75
